 Dungeon Crawl Stone Soup version 0.21.1-1-g345015f (webtiles) character file.

67 Mgcat the Insei (level 4, -5/34 HPs)
             Began as a Gnoll Transmuter on Mar 20, 2018.
             Slain by a phantom (9 damage)
             ... on level 3 of the Dungeon.
             The game lasted 00:04:44 (1746 turns).

Mgcat the Insei (Gnoll Transmuter)                  Turns: 1746, Time: 00:04:45

Health: -5/34      AC:  3    Str: 13    XL:     4   Next: 16%
Magic:  7/11       EV: 15    Int: 16    God:
Gold:   113        SH:  0    Dex: 15    Spells: 7/13 levels left

rFire    . . .     SeeInvis .     - Unarmed
rCold    + . .     Gourm    .   (no shield)
rNeg     . . .     Faith    .   b - +0 robe
rPois    .         Spirit   .   r - +1 hat
rElec    .         Reflect  .   (no cloak)
rCorr    .         Harm     .   (no gloves)
MR       .....                  (no boots)
Stlth    ++........             (no amulet)
HPRegen  0.11/turn              q - ring of flight (curse) {+Fly, !d}
MPRegen  0.12/turn              n - ring of protection from cold {rC+, !d}

@: no status effects
A: distributed training, fangs 1, strong nose
a: Evoke Flight


You were on level 3 of the Dungeon.
You were hungry.

You visited 1 branch of the dungeon, and saw 3 of its levels.

You collected 113 gold pieces.

Inventory:

Missiles
 a - 89 arrows
Armour
 b - a +0 robe (worn)
 h - a +0 pair of gloves
   (You found it on level 2 of the Dungeon)
 r - a +1 hat (worn)
   (You found it on level 2 of the Dungeon)
Jewellery
 i - an uncursed ring of protection from fire {rF+, !d}
   (You found it on level 1 of the Dungeon)
 n - a ring of protection from cold (right hand) {rC+, !d}
   (You found it on level 2 of the Dungeon)
 q - a cursed ring of flight (left hand) {+Fly, !d}
   (You found it on level 2 of the Dungeon)
Scrolls
 e - 2 scrolls of teleportation {unknown}
 g - a scroll of fear {unknown}
 j - a scroll of fog {unknown}
 k - 3 scrolls of remove curse {unknown}
 p - a scroll of identify {unknown}
Potions
 f - 2 potions of agility {unknown}
 l - a potion of curing {unknown}
 m - 2 potions of flight {unknown}
Books
 c - a book of Changes
Comestibles
 d - 4 rations


   Skills:
 + Level 2.7 Fighting
 + Level 1.0 Short Blades
 + Level 1.0 Long Blades
 + Level 1.0 Axes
 + Level 1.0 Maces & Flails
 + Level 1.0 Polearms
 + Level 1.0 Staves
 + Level 1.0 Slings
 + Level 1.0 Bows
 + Level 1.0 Crossbows
 + Level 1.0 Throwing
 + Level 1.0 Armour
 + Level 4.6 Dodging
 + Level 1.0 Stealth
 + Level 1.0 Shields
 + Level 6.6 Unarmed Combat
 + Level 5.0 Spellcasting
 + Level 0.8 Conjurations
 + Level 0.8 Hexes
 + Level 0.8 Charms
 + Level 0.8 Summonings
 + Level 0.8 Necromancy
 + Level 0.8 Translocations
 + Level 3.8 Transmutations
 + Level 0.8 Fire Magic
 + Level 0.8 Ice Magic
 + Level 0.8 Air Magic
 + Level 0.8 Earth Magic
 + Level 0.8 Poison Magic
 + Level 1.1 Invocations
 + Level 1.0 Evocations


You had 7 spell levels left.
You knew the following spells:

 Your Spells              Type           Power        Failure   Level  Hunger
a - Beastly Appendage     Tmut           ###...       3%          1    None
b - Sticks to Snakes      Tmut           ###.....     4%          2    #......
c - Spider Form           Tmut/Pois      ##........   17%         3    ###....


Dungeon Overview and Level Annotations

Branches:
Dungeon (3/15)

Altars:


Innate Abilities, Weirdness & Mutations

Your experience applies equally to all skills.
You have very sharp teeth.
Your uncanny sense of smell can sniff out nearby items.


Message History

You hit the orc but do no damage.
You kill the orc!
A phantom comes into view.
The goblin misses you.
You hit the goblin.
The goblin is severely wounded.
The goblin hits you but does no damage.
You hit the goblin.
You kill the goblin!
Things that are here:
a dagger; a goblin corpse The phantom misses you.
You miss the phantom. Your headbutt misses the phantom.
The phantom blinks!
The phantom blinks!
Things that are here:
a dagger; a goblin corpse All of the chunks of flesh in your inventory have rotted away.
The phantom blinks!
Casting: Beastly Appendage
Confirm with . or Enter, or press ? or * to list all spells.
You create a snake!
You now have 92 arrows.
Your transformation is almost over.
Your adder bites the phantom but does no damage.
You closely miss the phantom. Your bite misses the phantom.
Your adder bites the phantom.
You closely miss the phantom.
The phantom is lightly damaged.
You are feeling hungry.
The phantom barely misses you.
Your adder barely misses the phantom.
You closely miss the phantom.
The phantom is lightly damaged.
Your adder bites the phantom but does no damage.
The phantom hits you.
The phantom blinks!
The phantom blinks!
The phantom blinks!
Things that are here:
a dagger; a goblin corpse You swap places.
Your horns disappear.
The phantom blinks!
The phantom hits you.
The phantom blinks!
You swap places.
The phantom hits your adder.
The phantom blinks!
Casting: Sticks to Snakes
Confirm with . or Enter, or press ? or * to list all spells.
Your feet morph into talons.
The phantom barely misses your adder.
Your adder misses the phantom.
Your adder barely misses the phantom.
The phantom misses your adder.
You swap places.
The phantom hits you.
The phantom blinks!
Your transformation is almost over.
Your adder withers and dies!
The phantom blinks!
The phantom blinks!
You miss the phantom. The phantom misses you.
You closely miss the phantom. Your kick misses the phantom.
The phantom hits you!
You hit the phantom. You claw the phantom.
The phantom is moderately damaged.
The phantom hits you!
The phantom blinks!
Your talons disappear.
Casting: Beastly Appendage
Confirm with . or Enter, or press ? or * to list all spells.
You create a snake!
You now have 91 arrows.
The phantom barely misses you.
The phantom blinks!
You see here a short sword.
The phantom hits your ball python.
Your ball python dies!
You see here a short sword.
You see here a short sword.
Casting: Sticks to Snakes
Confirm with . or Enter, or press ? or * to list all spells.
You create a snake!
You now have 90 arrows.
Casting: Sticks to Snakes
Confirm with . or Enter, or press ? or * to list all spells.
You create a snake!
You now have 89 arrows.
The phantom hits you.
Your adder misses the phantom. The phantom hits you!
* * * LOW HITPOINT WARNING * * *
Your ball python misses the phantom.
You closely miss the phantom. You bite the phantom, but do no damage.
The phantom is moderately damaged.
Your adder completely misses the phantom.
The phantom misses you.
Your ball python barely misses the phantom.
Your adder bites the phantom.
Okay, then.
You hit the phantom but do no damage.
The phantom is moderately damaged.
Your ball python misses the phantom.
Your adder barely misses the phantom.
The phantom barely misses you.
You hit the phantom.
The phantom is moderately damaged.
Your ball python bites the phantom.
Your adder bites the phantom.
The phantom blinks!
The phantom blinks!
You closely miss the phantom.
The phantom is heavily damaged.
You hit the phantom.
The phantom is severely damaged.
The phantom hits you!
You die...

### ..# #.# #.# ########.#
#.....##.#### #.#..W@)..ยง.#
## #.#.#.SS..#.# #.
######.....#.#.#.# #.
.........#.#.#.#.# #<
#######..#.#)#.#.# #)
...........#.#.#.# #.
############.#.#.##########.
).../...#.#.[........'.
.######## ############.


You could see a phantom, a friendly adder and a friendly ball python.

Vanquished Creatures
  An adder (D:2)
  A worm (D:2)
  A dart slug (D:1)
  A leopard gecko (D:2)
  An orc (D:3)
  7 goblins
  6 hobgoblins
  A ball python (D:2)
  2 bats (D:2)
  3 frilled lizards
  A kobold (D:2)
  9 rats
34 creatures vanquished.

Vanquished Creatures (collateral kills)
  2 adders (D:2)
  A worm (D:2)
  A hobgoblin (D:2)
4 creatures vanquished.

Grand Total: 38 creatures vanquished

Notes
Turn   | Place    | Note
-------+----------+-------------------------------------------
     0 | D:1      | Mgcat the Gnoll Transmuter began the quest for the Orb.
     0 | D:1      | Reached XP level 1. HP: 17/17 MP: 6/6
   159 | D:1      | Reached XP level 2. HP: 23/23 MP: 5/7
   630 | D:2      | Learned a level 2 spell: Sticks to Snakes
   675 | D:2      | Reached skill level 5 in Spellcasting
   675 | D:2      | Reached XP level 3. HP: 15/28 MP: 5/9
   939 | D:2      | Reached skill level 1 in Invocations
  1261 | D:2      | Learned a level 3 spell: Spider Form
  1275 | D:2      | Reached skill level 1 in Short Blades
  1275 | D:2      | Reached skill level 1 in Long Blades
  1275 | D:2      | Reached skill level 1 in Axes
  1275 | D:2      | Reached skill level 1 in Maces & Flails
  1275 | D:2      | Reached skill level 1 in Polearms
  1275 | D:2      | Reached skill level 1 in Staves
  1275 | D:2      | Reached skill level 1 in Slings
  1275 | D:2      | Reached skill level 1 in Bows
  1275 | D:2      | Reached skill level 1 in Crossbows
  1275 | D:2      | Reached skill level 1 in Throwing
  1275 | D:2      | Reached skill level 1 in Armour
  1275 | D:2      | Reached skill level 1 in Stealth
  1275 | D:2      | Reached skill level 1 in Shields
  1275 | D:2      | Reached skill level 1 in Evocations
  1426 | D:2      | Reached XP level 4. HP: 29/34 MP: 7/11
  1681 | D:3      | Noticed a phantom
  1740 | D:3      | HP: 3/34 [phantom (9)]
  1746 | D:3      | Slain by a phantom

Skill      XL: |  1  2  3 |
---------------+----------+-----
Spellcasting   | 5 |  5.0
Invocations    | 1 |  1.1
Short Blades   | 1 |  1.0
Long Blades    | 1 |  1.0
Axes           | 1 |  1.0
Maces & Flails | 1 |  1.0
Polearms       | 1 |  1.0
Staves         | 1 |  1.0
Slings         | 1 |  1.0
Bows           | 1 |  1.0
Crossbows      | 1 |  1.0
Throwing       | 1 |  1.0
Armour         | 1 |  1.0
Stealth        | 1 |  1.0
Shields        | 1 |  1.0
Evocations     | 1 |  1.0
Fighting       | |  2.7
Dodging        | |  4.6
Unarmed Combat | |  6.6
Conjurations   | |  0.8
Hexes          | |  0.8
Charms         | |  0.8
Summonings     | |  0.8
Necromancy     | |  0.8
Translocations | |  0.8
Transmutations | |  3.8
Fire Magic     | |  0.8
Ice Magic      | |  0.8
Air Magic      | |  0.8
Earth Magic    | |  0.8
Poison Magic   | |  0.8

Action                   |  1- 3 |  4- 6 || total
-------------------------+-------+-------++-------
Melee: Unarmed           |    71 |    18 ||    89
       Kick              |    13 |     2 ||    15
       Bite              |     4 |     1 ||     5
       Punch             |     3 |       ||     3
       Headbutt          |       |     1 ||     1
 Cast: Beastly Appendage |    24 |     3 ||    27
       Sticks to Snakes  |     3 |     4 ||     7
 Stab: Sleeping          |     3 |       ||     3
  Eat: Chunk             |     2 |       ||     2
Armor: Robe              |    12 |     1 ||    13
Dodge: Dodged            |    32 |     9 ||    41

Vault maps used:
D:1:      tarquinn_simple_flora_water_a
D:3:      first_ration, chequers_ecumenical_altar_simple, uniq_robin

Table legend:
 A = Turns spent in this place as a percentage of turns spent in the entire game.
 B = Non-inter-level travel turns spent in this place as a percentage of non-inter-level travel turns spent in the entire game.
 C = Inter-level travel turns spent in this place as a percentage of turns spent in this place.
 D = Turns resting spent in this place as a percentage of non-inter-level travel turns spent in this place.
 E = Turns spent auto-exploring this place as a percentage of non-inter-level travel turns spent in this place.
 F = Non-inter-level travel turns spent in this place divided by the number of levels of this place that you've seen.
                   A       B       C       D       E      F
               +-------+-------+-------+-------+-------+----------------------
         Total | 100.0 | 100.0 |   0.9 |   0.0 |  81.1 | 577.0
       Dungeon | 100.0 | 100.0 |   0.9 |   0.0 |  81.1 | 577.0
               +-------+-------+-------+-------+-------+----------------------

Table legend:
 A = Kills in this place as a percentage of kills in entire the game.
 B = Kills by you in this place as a percentage of kills by you in the entire game.
 C = Kills by friends in this place as a percentage of kills by friends in the entire game.
 D = Other kills in this place as a percentage of other kills in the entire game.
 E = Experience gained in this place as a percentage of experience gained in the entire game.
 F = Experience gained in this place divided by the number of levels of this place that you have seen.
                   A       B       C       D       E      F
               +-------+-------+-------+-------+-------+----------------------
         Total | 100.0 | 100.0 | 100.0 |   N/A | 100.0 |  32.0
       Dungeon | 100.0 | 100.0 | 100.0 |   N/A | 100.0 |  32.0
               +-------+-------+-------+-------+-------+----------------------
